 Dungeon Crawl Stone Soup version 0.31-a0-983-g7b6862f502 (webtiles) character file.

Game seed: 8261666171861592840

1088 Hubris850 the Ruffian (level 8, -3/66 HPs)
             Began as a Minotaur Gladiator on Nov 2, 2023.
             Slain by a wraith (9 damage)
             ... in an ossuary.
             The game lasted 00:07:22 (2638 turns).

Hubris850 the Ruffian (Minotaur Gladiator)          Turns: 2638, Time: 00:07:22

Health: -3/66      AC:  9    Str: 21    XL:     8   Next: 9%
Magic:  7/7        EV: 11    Int:  5    God:
Gold:   155        SH:  0    Dex: 12    Spells: 7/7 levels left

rFire   . .          .
                       - Unarmed
rCold   . . .        (no shield)
rNeg    . . .        k - +0 scale mail
rPois   +            b - +0 hat
rElec   .            w - scarf {+Inv}
rCorr   .            p - +1 pair of gloves of Baugham {rPois}
SInv    .            (no boots)
Will    .....        j - amulet of regeneration Stlth
                     (no ring)
HPRegen 1.11/turn    (no ring)
MPRegen 0.10/turn

%: no passive effects
@: slowed, very slow
A: horns 2, retaliatory headbutt
a: Evoke Invisibility


You were in an ossuary.
You visited 1 branch of the dungeon, and saw 4 of its levels.
You also visited: Ossuary.

You collected 155 gold pieces.

Inventory:

Hand Weapons
 m - the +1 mace of the Slime-mould {drain, Str+4}
   (You found it on level 2 of the Dungeon)

   Str+4:     It affects your strength (+4).
 z - a +3 long sword
Missiles
 c - 3 throwing nets
 d - a javelin
 f - 4 poisoned darts (quivered)
Armour
 a - a +0 leather armour
 b - a +0 hat (worn)
 k - a +0 scale mail (worn)
 p - the +1 pair of gloves of Baugham (worn) {rPois}
   (You found it on level 2 of the Dungeon)

   rPois:     It protects you from poison
 w - a scarf of invisibility (worn)
Magical Staves
 q - a staff of poison
Jewellery
 j - an amulet of regeneration (around neck)
Talismans
 x - a maw talisman
Scrolls
 g - 5 scrolls of poison {unknown}
 h - 3 scrolls of teleportation {unknown}
 l - a scroll of noise {unknown}
 o - a scroll of blinking {unknown}
 r - 4 scrolls of fog {unknown}
 s - a scroll of amnesia {unknown}
 t - a scroll of torment {unknown}
 y - a scroll of fear {unknown}
Potions
 e - 2 potions of curing {unknown}
 i - 2 potions of mutation {unknown}
 n - 2 potions of lignification {unknown}
 u - a potion of degeneration {unknown}
 v - a potion of enlightenment {unknown}
 A - a potion of resistance {unknown}


   Skills:
 - Level 4.0 Fighting
 - Level 5.0 Throwing
 - Level 5.0 Armour
 - Level 3.6 Dodging
 + Level 6.2 Unarmed Combat
 + Level 3.5 Evocations


You had 7 spell levels left.
You didn't know any spells.
Your spell library contained the following spells:

 Spells                   Type           Power      Damage    Failure   Level
 Blink                    Tloc           0%         N/A       91%         2
 Manifold Assault         Tloc           0%         N/A       100%        4


Dungeon Overview and Level Annotations

Branches:
Dungeon (4/15)            Ossuary (1/1)
 Temple: D:4-7

Altars:

Shops:
D:3 ?[


Innate Abilities, Weirdness & Mutations

You have a pair of horns on your head.
You reflexively headbutt those who attack you in melee.


Message History

The wraith is heavily damaged.
The wraith hits you.
You closely miss the wraith.
The wraith is heavily damaged.
The wraith hits you! The wraith drains your vigour!
You feel as though you will be slow longer.
The wraith hits you!
You are too injured to fight recklessly!
You are too injured to fight recklessly!
You are too injured to fight recklessly!
You barely miss the wraith. You headbutt the wraith.
The wraith is heavily damaged.
The wraith hits you! The wraith drains your vigour!
You feel as though you will be slow longer.
You hit the wraith but do no damage.
The wraith is heavily damaged.
The wraith hits you but does no damage. The wraith hits you!
* * * LOW HITPOINT WARNING * * *
The wraith drains your vigour!
You feel as though you will be slow longer.
You hit the wraith but do no damage.
The wraith is heavily damaged.
The wraith barely misses you.
You closely miss the wraith.
You headbutt the wraith, but do no damage.
You punch the wraith, but do no damage.
The wraith is heavily damaged.
The wraith hits you but does no damage.
You hit the wraith but do no damage.
The wraith is heavily damaged.
The wraith hits you!
* * * LOW HITPOINT WARNING * * *
The wraith drains your vigour!
You feel as though you will be slow longer.
The wraith hits you!
* * * LOW HITPOINT WARNING * * *
You barely miss the wraith. Your headbutt misses the wraith.
The wraith is heavily damaged.
The wraith hits you!
You die...

###########################
#.........................#
#.∩.....................∩.#
#.......#####+#####.......#
#......##....@....##......#
#.....##...##W##...##.....#
#....##...##...##...##....#
#....#...##..!..##...#....#
#....+...#...!.?.#...'....#
#....#...##.!.!.##...#....#
#....##...##...##...##....#
#.....##...#####...##.....#
#......##.........##......#


You could see a wraith.

Vanquished Creatures
  Pikel (D:4)
  Duvessa (D:4)
  A sky beast (D:4)
  A phantom (D:4)
  Dowan (D:4)
  A jelly (D:3)
  Jessica (D:2)
  Terence (D:3)
  An orc wizard (D:4)
  2 hound zombies (D:4)
  A hound skeleton (D:4)
  A mummy (Ossuary)
  2 adders
  3 gnolls (D:4)
  2 adder skeletons (D:4)
  3 worms
  2 dart slugs
  5 orcs
  7 ball pythons
  12 bats
  5 endoplasms
  4 giant cockroaches
  5 goblins
  6 hobgoblins
  3 jackals (D:1)
  7 kobolds
  3 quokkas
  3 frilled lizards
  5 gnoll skeletons (Ossuary)
  9 kobold skeletons (Ossuary)
  11 orc skeletons (Ossuary)
  6 rats
116 creatures vanquished.

Notes
Turn   | Place    | Note
-------+----------+-------------------------------------------
     0 | D:1      | Hubris850 the Minotaur Gladiator began the quest for the
                  | Orb.
     0 | D:1      | Reached XP level 1. HP: 18/18 MP: 0/0
    54 | D:1      | Reached XP level 2. HP: 25/25 MP: 1/1
   295 | D:1      | Reached skill level 1 in Armour
   365 | D:1      | Reached XP level 3. HP: 28/30 MP: 2/2
   605 | D:2      | Identified the +1 mace of the Slime-mould {drain, Str+4}
   681 | D:2      | Noticed Jessica
   692 | D:2      | Killed Jessica
   693 | D:2      | Reached XP level 4. HP: 34/38 MP: 3/3
   759 | D:2      | Identified the +1 pair of gloves of Baugham {rPois}
  1361 | D:3      | Reached skill level 4 in Unarmed Combat
  1397 | D:3      | Noticed Terence
  1404 | D:3      | Killed Terence
  1412 | D:3      | Found Hoxzaz's Magic Scroll Boutique.
  1417 | D:3      | Reached XP level 5. HP: 29/46 MP: 4/4
  1473 | D:3      | Found Kiqu's Antique Armour Shop.
  2097 | D:4      | Noticed Duvessa
  2101 | D:4      | Noticed Dowan
  2131 | D:4      | Killed Duvessa
  2132 | D:4      | Reached skill level 1 in Evocations
  2132 | D:4      | Reached XP level 6. HP: 12/52 MP: 5/5
  2145 | D:4      | Killed Dowan
  2235 | D:4      | Noticed a sky beast
  2253 | D:4      | Killed a sky beast
  2254 | D:4      | Reached skill level 5 in Unarmed Combat
  2266 | D:4      | Noticed Pikel
  2273 | D:4      | Reached XP level 7. HP: 55/59 MP: 6/6
  2283 | D:4      | Killed Pikel
  2284 | D:4      | Reached skill level 5 in Armour
  2284 | D:4      | Reached skill level 6 in Unarmed Combat
  2352 | D:4      | Reached XP level 8. HP: 66/66 MP: 7/7
  2447 | D:4      | Reached skill level 5 in Throwing
  2457 | D:4      | Found a sand-covered staircase.
  2469 | Ossuary  | Entered an ossuary
  2638 | Ossuary  | Slain by a wraith

Illustrated notes

Levels and vault maps discovered:
D:1:      onia_arrival_pyramid, layout_loops_ring
D:2:      minmay_alternating_diamond, layout_basic, uniq_jessica
D:3:      layout_basic, serial_shops, nicolae_shop_tiny_statue_garden, shop,
          hangedman_decor_points, chequers_serial_rivers_small_a,
          chequers_serial_rivers_marsh, serial_bayou_lagoon_a,
          nicolae_underground_beach, uniq_terence
D:4:      layout_loops_ring, mainiacjoe_ossuary_entry_find_the_door,
          nicolae_shop_vocational, uniq_duvessa, uniq_pikel, uniq_sigmund
Ossuary:  ossuary_due_mausoleum

Skill      XL: |  1  2  3  4  5  6  7  8 |
---------------+-------------------------+-----
Armour         | 1 2 3 4 5 |  5.0
Fighting       | 3 4 |  4.0
Unarmed Combat | 4 5 6 |  6.2
Throwing       | 3 4 5 |  5.0
Evocations     | 1 2 3 |  3.5
Dodging        | |  3.6

Action                     |  1- 3 |  4- 6 |  7- 9 || total
---------------------------+-------+-------+-------++-------
  Melee: Unarmed           |    73 |   165 |    82 ||   320
         Headbutt          |     4 |    25 |    14 ||    43
         Punch             |     1 |     4 |     5 ||    10
  Throw: Throwing net      |       |     3 |       ||     3
   Stab: Sleeping          |     1 |       |       ||     1
 Armour: Leather armour    |    11 |       |       ||    11
         Scale mail        |    26 |   121 |    41 ||   188
  Dodge: Dodged            |    46 |    70 |    47 ||   163

Table legend: (Time is in decaauts)
 A = Elapsed time spent in this place.
 B = Non-inter-level travel time spent in this place.
 C = Inter-level travel time spent in this place.
 D = Time resting spent in this place.
 E = Time spent auto-exploring this place.
 F = Levels seen in this place.
 G = Mean time per level.
                   A        B        C        D        E       F      G
               +--------+--------+--------+--------+--------+-----+--------+
         Total |   2620 |   2536 |     84 |     70 |   1557 |   5 |  524.0 |
       Dungeon |   2453 |   2369 |     84 |     70 |   1557 |   4 |  613.2 |
       Ossuary |    166 |    166 |      0 |      0 |      0 |   1 |  166.0 |
               +--------+--------+--------+--------+--------+-----+--------+

Top non-repeatable levels by time:
     D:3: 717 daAuts
     D:2: 691 daAuts
     D:1: 596 daAuts
     D:4: 448 daAuts
 Ossuary: 166 daAuts
